[ AOE2 MATCH · #506189597 ]
UnrankedMuisca vs Turks
Player's team · LOSS
Rival team · WIN
[ REPLAY ANALYSIS · EXTRACTED FROM THE RECORDED GAME ]
Feudal
—
Castle
—
Imperial
—
| APM avg | 21.7 |
| APM peak | 52 |
| eAPM avg | 13.3 |
| Villagers / military | 52 / 18 |
Focus
⚔️ 36.0% · 🌾 64.0%
Archer ×7 · Spearman ×6 · Skirmisher ×5 · Unknown (2550) ×5
Feudal
—
Castle
—
Imperial
—
| APM avg | 34.9 |
| APM peak | 54 |
| eAPM avg | 17.8 |
| Villagers / military | 58 / 49 |
Focus
⚔️ 29.5% · 🌾 70.5%
Cavalry Archer ×22 · Scout Cavalry ×21 · Archer ×6
Match map
Initial resources + every placement click. Lines = walls · curves = elevation contours. ◆ gold · ⬟ stone · ● berries · ✦ relic · ◌ wall gap
Your base· ✓ Closed at 22:21 · 35t walls · 2 gate(s)
fidelon33's base· ✓ Closed at 19:51 · 36t walls · 2 gate(s)
Smoothed initial terrain · ◌ = detected wall gap · hover for details
Inputs per minute
— Ux'Saintseko - - fidelon33
Build order — Ux'Saintseko
143 actions detected in the replay
| 0:01 | Queue | Villager (Male) |
| 0:01 | Queue | Villager (Male) |
| 0:02 | Build | House |
| 0:04 | Build | House |
| 0:35 | Queue | Villager (Male) |
| 0:35 | Queue | Villager (Male) |
| 0:36 | Queue | Villager (Male) |
| 1:34 | Queue | Villager (Male) |
| 1:34 | Queue | Villager (Male) |
| 1:51 | Build | Settlement |
| 2:18 | Queue | Villager (Male) |
| 2:18 | Queue | Villager (Male) |
| 2:34 | Queue | Villager (Male) |
| 3:07 | Queue | Villager (Male) |
| 3:35 | Queue | Villager (Male) |
| 3:54 | Queue | Villager (Male) |
| 4:23 | Queue | Villager (Male) |
| 4:24 | Queue | Villager (Male) |
| 5:06 | Build | Barracks |
| 5:18 | Queue | Villager (Male) |
| 5:39 | Queue | Villager (Male) |
| 6:24 | Queue | Villager (Male) |
| 6:56 | Queue | Villager (Male) |
| 6:57 | Queue | Villager (Male) |
| 7:02 | Research | Loom |
| 7:40 | Build | Settlement |
| 8:01 | Research | Feudal Age |
| 8:01 | Research | Feudal Age |
| 8:24 | Build | Settlement |
| 8:30 | Queue | Unit 2550 |
| 8:31 | Queue | Unit 2550 |
| 8:31 | Queue | Unit 2550 |
| 8:46 | Build | Settlement |
| 8:49 | Queue | Villager (Male) |
| 9:41 | Queue | Unit 2550 |
| 9:48 | Queue | Villager (Male) |
| 9:57 | Build | House |
| 9:58 | Build | House |
| 10:24 | Research | Tech 1402 |
| 10:34 | Build | Blacksmith |
| 11:00 | Build | House |
| 11:01 | Build | House |
| 11:05 | Queue | Unit 2550 |
| 11:29 | Queue | Spearman |
| 11:36 | Research | Forging |
| 11:42 | Queue | Villager (Male) |
| 11:42 | Queue | Villager (Male) |
| 11:54 | Build | Palisade Wall |
| 12:48 | Queue | Villager (Male) |
| 12:48 | Queue | Villager (Male) |
| 13:02 | Queue | Villager (Male) |
| 13:08 | Build | Farm |
| 13:08 | Build | Farm |
| 13:08 | Build | Farm |
| 13:08 | Build | Farm |
| 13:08 | Build | Farm |
| 13:09 | Build | Farm |
| 13:14 | Build | House |
| 13:41 | Queue | Villager (Male) |
| 13:47 | Build | Farm |
| 13:48 | Build | Farm |
| 14:13 | Queue | Villager (Male) |
| 14:17 | Research | Scale Mail Armor |
| 14:28 | Build | Stone Wall |
| 14:31 | Build | Stone Wall |
| 14:47 | Build | Farm |
| 14:48 | Build | Farm |
| 14:49 | Build | Farm |
| 14:52 | Queue | Villager (Male) |
| 15:15 | Queue | Villager (Male) |
| 15:40 | Build | House |
| 15:47 | Queue | Spearman |
| 15:54 | Build | House |
| 15:56 | Build | Palisade Wall |
| 16:07 | Queue | Spearman |
| 16:11 | Build | House |
| 16:17 | Queue | Villager (Male) |
| 16:19 | Build | Farm |
| 16:20 | Build | Farm |
| 16:20 | Build | Farm |
| 16:36 | Queue | Villager (Male) |
| 16:51 | Build | Archery Range |
| 17:02 | Queue | Villager (Male) |
| 17:37 | Queue | Villager (Male) |
| 17:38 | Queue | Villager (Male) |
| 17:57 | Build | Archery Range |
| 18:17 | Build | Market |
| 18:21 | Queue | Villager (Male) |
| 18:48 | Build | Palisade Gate |
| 18:51 | Queue | Villager (Male) |
| 19:21 | Queue | Spearman |
| 19:30 | Build | Palisade Wall |
| 19:37 | Queue | Archer |
| 19:37 | Queue | Archer |
| 19:44 | Build | Stone Wall |
| 20:11 | Build | Stone Wall |
| 20:17 | Queue | Villager (Male) |
| 20:19 | Queue | Villager (Male) |
| 20:21 | Build | Farm |
| 20:21 | Build | Farm |
| 20:21 | Build | Farm |
| 20:21 | Build | Farm |
| 20:21 | Build | Farm |
| 20:22 | Build | Farm |
| 20:22 | Build | Farm |
| 20:23 | Queue | Villager (Male) |
| 20:37 | Build | Gate |
| 21:05 | Queue | Villager (Male) |
| 21:17 | Queue | Villager (Male) |
| 22:12 | Build | Outpost |
| 22:14 | Queue | Villager (Male) |
| 22:21 | Research | Castle Age |
| 22:42 | Queue | Villager (Male) |
| 23:06 | Build | Settlement |
| 23:10 | Research | Wheelbarrow |
| 23:16 | Build | Farm |
| 23:16 | Build | Farm |
| 23:23 | Research | Double-Bit Axe |
| 23:26 | Research | Horse Collar |
| 23:26 | Research | Gold Mining |
| 23:35 | Build | Settlement |
| 23:46 | Queue | Spearman |
| 23:47 | Queue | Spearman |
| 24:40 | Queue | Skirmisher ×5 |
| 25:04 | Research | Crossbowman (upgrade) |
| 25:06 | Queue | Archer ×5 |
| 25:50 | Build | Barracks |
| 25:51 | Queue | Villager (Male) |
| 25:56 | Research | Fletching |
| 25:56 | Queue | Villager (Male) |
| 26:12 | Build | Farm |
| 26:14 | Queue | Villager (Male) |
| 26:27 | Queue | Villager (Male) |
| 26:46 | Build | Castle |
| 26:56 | Research | Padded Archer Armor |
| 27:02 | Build | House |
| 27:29 | Queue | Villager (Male) |
| 27:45 | Build | House |
| 27:48 | Build | House |
| 28:02 | Build | House |
| 28:06 | Build | House |
| 28:14 | Queue | Villager (Male) |
| 28:15 | Queue | Villager (Male) |
Build order — fidelon33
First 150 of 174 actions detected
| 0:01 | Queue | Villager (Male) |
| 0:02 | Queue | Villager (Male) |
| 0:02 | Queue | Villager (Male) |
| 0:02 | Queue | Villager (Male) |
| 0:03 | Queue | Villager (Male) |
| 0:04 | Build | House |
| 0:06 | Build | House |
| 1:31 | Queue | Villager (Male) |
| 1:31 | Queue | Villager (Male) |
| 1:32 | Queue | Villager (Male) |
| 1:52 | Build | Lumber Camp |
| 2:09 | Queue | Villager (Male) |
| 2:10 | Queue | Villager (Male) |
| 2:10 | Queue | Villager (Male) |
| 2:20 | Queue | Villager (Male) |
| 2:20 | Queue | Villager (Male) |
| 2:52 | Queue | Villager (Male) |
| 2:52 | Queue | Villager (Male) |
| 2:52 | Queue | Villager (Male) |
| 3:07 | Queue | Villager (Male) |
| 3:08 | Queue | Villager (Male) |
| 3:49 | Queue | Villager (Male) |
| 3:49 | Queue | Villager (Male) |
| 3:55 | Build | House |
| 3:56 | Build | House |
| 4:08 | Queue | Villager (Male) |
| 4:08 | Queue | Villager (Male) |
| 4:31 | Queue | Villager (Male) |
| 4:31 | Queue | Villager (Male) |
| 4:32 | Queue | Villager (Male) |
| 4:37 | Build | House |
| 4:42 | Queue | Villager (Male) |
| 4:42 | Queue | Villager (Male) |
| 4:42 | Queue | Villager (Male) |
| 5:21 | Build | House |
| 5:38 | Queue | Villager (Male) |
| 5:39 | Queue | Villager (Male) |
| 5:39 | Queue | Villager (Male) |
| 5:39 | Queue | Villager (Male) |
| 5:40 | Queue | Villager (Male) |
| 6:58 | Queue | Villager (Male) |
| 6:59 | Research | Loom |
| 7:30 | Build | Mill |
| 8:16 | Research | Feudal Age |
| 8:47 | Build | Lumber Camp |
| 8:55 | Build | Barracks |
| 9:24 | Build | Farm |
| 9:25 | Build | Farm |
| 9:27 | Build | Farm |
| 10:11 | Queue | Villager (Male) |
| 10:11 | Queue | Villager (Male) |
| 10:33 | Build | Stable |
| 10:39 | Build | House |
| 10:48 | Build | Palisade Gate |
| 10:54 | Queue | Villager (Male) |
| 10:55 | Queue | Villager (Male) |
| 10:58 | Build | Farm |
| 10:59 | Queue | Villager (Male) |
| 11:07 | Research | Double-Bit Axe |
| 11:27 | Build | Farm |
| 11:28 | Build | Farm |
| 11:30 | Build | Farm |
| 11:32 | Queue | Villager (Male) |
| 11:48 | Build | Palisade Wall |
| 11:57 | Build | Palisade Wall |
| 12:02 | Queue | Scout Cavalry |
| 12:15 | Build | Farm |
| 12:17 | Build | Farm |
| 12:21 | Build | Farm |
| 12:25 | Build | Farm |
| 12:31 | Build | Farm |
| 12:37 | Build | Farm |
| 12:47 | Queue | Scout Cavalry |
| 12:47 | Queue | Scout Cavalry |
| 13:14 | Queue | Villager (Male) |
| 13:20 | Build | Farm |
| 13:40 | Queue | Scout Cavalry |
| 13:46 | Queue | Villager (Male) |
| 13:46 | Queue | Villager (Male) |
| 13:50 | Build | Farm |
| 13:54 | Build | Mining Camp |
| 14:01 | Build | Palisade Wall |
| 14:29 | Queue | Villager (Male) |
| 14:29 | Queue | Villager (Male) |
| 14:56 | Queue | Villager (Male) |
| 14:56 | Queue | Villager (Male) |
| 15:01 | Build | Archery Range |
| 15:07 | Build | Archery Range |
| 15:41 | Queue | Villager (Male) |
| 15:42 | Queue | Villager (Male) |
| 16:20 | Queue | Archer |
| 16:20 | Queue | Archer |
| 16:23 | Queue | Villager (Male) |
| 16:23 | Queue | Villager (Male) |
| 16:27 | Research | Horse Collar |
| 16:29 | Research | Gold Mining |
| 17:01 | Queue | Archer |
| 17:23 | Queue | Archer |
| 17:49 | Build | House |
| 17:52 | Research | Town Watch |
| 18:12 | Build | Market |
| 18:17 | Build | Blacksmith |
| 18:25 | Build | Palisade Wall |
| 18:28 | Queue | Villager (Male) |
| 18:28 | Queue | Villager (Male) |
| 18:41 | Build | Palisade Gate |
| 18:51 | Build | House |
| 19:04 | Build | Farm |
| 19:05 | Build | Farm |
| 19:31 | Build | Blacksmith |
| 19:51 | Research | Castle Age |
| 19:58 | Queue | Archer |
| 19:58 | Queue | Archer |
| 20:19 | Build | Farm |
| 20:25 | Build | Palisade Wall |
| 20:29 | Build | House |
| 20:31 | Build | House |
| 22:09 | Build | Gate |
| 22:41 | Queue | Scout Cavalry |
| 22:41 | Queue | Scout Cavalry |
| 22:49 | Queue | Cavalry Archer |
| 22:49 | Queue | Cavalry Archer |
| 23:00 | Build | Archery Range |
| 23:13 | Queue | Cavalry Archer |
| 23:13 | Queue | Cavalry Archer |
| 23:21 | Build | Stable |
| 23:27 | Queue | Villager (Male) |
| 23:28 | Queue | Villager (Male) |
| 23:31 | Research | Wheelbarrow |
| 24:01 | Queue | Cavalry Archer |
| 24:01 | Queue | Cavalry Archer |
| 24:01 | Queue | Cavalry Archer |
| 24:01 | Queue | Cavalry Archer |
| 24:02 | Queue | Cavalry Archer |
| 24:02 | Queue | Cavalry Archer |
| 24:02 | Queue | Cavalry Archer |
| 24:04 | Queue | Cavalry Archer |
| 24:04 | Queue | Cavalry Archer |
| 24:41 | Queue | Scout Cavalry |
| 24:41 | Queue | Scout Cavalry |
| 24:41 | Queue | Scout Cavalry |
| 24:41 | Queue | Scout Cavalry |
| 24:42 | Queue | Scout Cavalry |
| 24:42 | Queue | Scout Cavalry |
| 24:42 | Queue | Scout Cavalry |
| 24:42 | Queue | Scout Cavalry |
| 24:42 | Queue | Scout Cavalry |
| 24:43 | Queue | Scout Cavalry |
| 24:43 | Queue | Scout Cavalry |
| 24:43 | Queue | Scout Cavalry |
Match timeline
| 5:06 | Ux'Saintseko · first_building Barracks |
| 8:55 | fidelon33 · first_building Barracks |
| 10:33 | fidelon33 · first_building Stable |
| 11:48 | fidelon33 · wall_segment Palisade Wall x8 |
| 11:54 | Ux'Saintseko · wall_segment Palisade Wall x7 |
| 11:57 | fidelon33 · wall_segment Palisade Wall x11 |
| 14:01 | fidelon33 · wall_segment Palisade Wall x12 |
| 14:28 | Ux'Saintseko · wall_segment Stone Wall x1 |
| 14:31 | Ux'Saintseko · wall_segment Stone Wall x11 |
| 15:01 | fidelon33 · first_building Archery Range |
| 15:56 | Ux'Saintseko · wall_segment Palisade Wall x1 |
| 16:51 | Ux'Saintseko · first_building Archery Range |
| 18:25 | fidelon33 · wall_segment Palisade Wall x5 |
| 18:59 | Ux'Saintseko · first_market_sell 100 wood |
| 19:00 | Ux'Saintseko · first_market_buy 100 food |
| 19:30 | Ux'Saintseko · wall_segment Palisade Wall x1 |
| 19:44 | Ux'Saintseko · wall_segment Stone Wall x9 |
| 20:11 | Ux'Saintseko · wall_segment Stone Wall x5 |
| 20:25 | fidelon33 · wall_segment Palisade Wall x1 |
| 26:46 | Ux'Saintseko · first_building Castle |
| 28:20 | Ux'Saintseko · resign |
[ AI ANALYSIS · 1 CREDIT ]
What really happened in this match?
Wolo.gg analyzes every decision: build order, eco, micro, common mistakes by bracket. Personalized analysis on WhatsApp or Discord in 30 seconds.
Civ guide
Muisca
Perfil
Jugador #5119498